 Dungeon Crawl Stone Soup version 0.29.1-1-gd02db6906a (webtiles) character file.

Game seed: 1077954272472570509

19 Chimkentus the Sneak (level 2, 0/12 HPs)
             Began as a Felid Air Elementalist on Oct 17, 2022.
             Slain by a worm (9 damage)
             ... on level 2 of the Dungeon.
             The game lasted 00:06:04 (1628 turns).

Chimkentus the Sneak (Felid Air Elementalist)       Turns: 1628, Time: 00:06:05

Health: 0/12       AC:  1    Str:  4    XL:     2   Next: 55%
Magic:  0/6        EV: 17    Int: 16    God:
Gold:   102        SH:  0    Dex: 16    Spells: 2/5 levels left
                                        Lives:  0   Deaths: 0

rFire   . . .      SeeInvis +   (weapon unavailable)
rCold   . . .      Faith    .   (shield unavailable)
rNeg    . . .      Spirit   .   (body armour unavailable)
rPois   .          Reflect  .   (helmet unavailable)
rElec   .          Harm     .   (cloak unavailable)
rCorr   .          Rampage  .   (gloves unavailable)
Will    .....                   (boots unavailable)
Stlth   ++........              l - amulet of regeneration
HPRegen 0.84/turn               (no ring)
MPRegen 0.10/turn               (no ring)

@: very slightly contaminated, quick
A: very small, claws 1, fangs 3, see invisible, speed 1, shaggy fur 1, stealthy
paws, no weapons or thrown items, no armour, multi-lived
a: no special abilities


You were on level 2 of the Dungeon.
You visited 1 branch of the dungeon, and saw 2 of its levels.

You collected 102 gold pieces.

Inventory:

Jewellery
 l - an amulet of regeneration (around neck)
Scrolls
 c - a scroll of noise {unknown}
 d - a scroll of identify {unknown}
 e - a scroll of teleportation {unknown}
 g - a scroll of magic mapping {unknown}
 h - a scroll of silence {unknown}
 k - a scroll of brand weapon {unknown}
Potions
 a - a potion of magic
 b - a potion of lignification {unknown}
 f - a potion of resistance {unknown}
 i - a potion of haste {unknown}
 j - a potion of might {unknown}


   Skills:
 * Level 0.5 Fighting
 + Level 2.8 Dodging
 + Level 3.0 Stealth
 + Level 2.2 Spellcasting
 * Level 1.3 Conjurations
 + Level 2.9 Air Magic


You had 2 spell levels left.
You knew the following spells:

 Your Spells              Type           Power      Damage    Failure   Level
a - Shock                 Conj/Air       32%        1d5       9%          1
b - Static Discharge      Conj/Air       8%         3-4/arc   13%         2

Your spell library contained the following spells:

 Spells                   Type           Power      Damage    Failure   Level
 Magic Dart               Conj           24%        1d4       12%         1
 Call Imp                 Summ           1%         N/A       30%         2
 Swiftness                Air            11%        N/A       19%         3
 Mephitic Cloud           Conj/Pois/Air  6%         N/A       34%         3
 Conjure Flame            Conj/Fire      3%         6-21      43%         3
 Ignite Poison            Fire/Tmut/Pois 1%         N/A       52%         3
 Airstrike                Air            5%         2d(1-17)  52%         4
 Sticky Flame             Conj/Fire      3%         2d3       83%         4


Dungeon Overview and Level Annotations

Branches:
Dungeon (2/15)

Altars:


Innate Abilities, Weirdness & Mutations

You have sharp claws.
You have razor-sharp teeth.
You have supernaturally acute eyesight. (SInv)
You cover ground quickly. (Speed+)
You are covered in fur. (AC +1)
Your paws help you pounce on unaware monsters.
You are incapable of wielding weapons or throwing items.
You cannot wear armour.
You gain extra lives every three experience levels.


Message History

You now have 102 gold pieces (gained 8).
You see here a +0 dagger.
Casting: Shock (safe; 9% risk of failure)
Confirm with . or Enter, or press ? or * to list all spells.
Aiming: Shock (safe; 9% risk of failure)
Press: ? - help, Shift-Dir - straight line The zap hits the worm.
The worm is lightly wounded.
The zap hits the worm.
The worm is moderately wounded.
Casting: Shock (safe; 9% risk of failure)
Confirm with . or Enter, or press ? or * to list all spells.
Aiming: Shock (safe; 9% risk of failure)
Press: ? - help, Shift-Dir - straight line The zap hits the worm.
The worm is heavily wounded.
The zap hits the worm.
The worm is heavily wounded.
Casting: Shock (safe; 9% risk of failure)
Confirm with . or Enter, or press ? or * to list all spells.
Aiming: Shock (safe; 9% risk of failure)
Press: ? - help, Shift-Dir - straight line The zap hits the worm.
The worm is severely wounded.
The zap hits the worm.
The worm is severely wounded.
Casting: Shock (safe; 9% risk of failure)
Confirm with . or Enter, or press ? or * to list all spells.
You miscast Static Discharge.
You are very lightly contaminated with residual magic.
Nothing appears to happen.
The worm bites you.
Casting: Static Discharge (safe; 13% risk of failure)
Confirm with . or Enter, or press ? or * to list all spells.
Aiming: Shock (safe; 9% risk of failure)
Press: ? - help, Shift-Dir - straight line The zap hits the worm.
The worm is severely wounded.
The zap misses the worm.
The worm bites you!
Ouch! That really hurt!
You die...

.#####.###..# ..#
..................###...
#...........#.###.......
#.........##.# ##....#.
#............#####..##
#...................#
#.........####......#
#...>.....# #.#.....#
##.....@w..# .........#
#...#..#####............
###...#..#
..............
.##.....#..#
.#............
#...#....)##
#...........# .........#
###.....# #...#.# .
#...#.##...


You could see a worm.

Vanquished Creatures
  3 endoplasms
  A giant cockroach (D:1)
  A hobgoblin (D:1)
  3 jackals (D:1)
  4 kobolds
  A quokka (D:1)
  A ball python (D:1)
  2 frilled lizards (D:1)
  2 rats
18 creatures vanquished.

Notes
Turn   | Place    | Note
-------+----------+-------------------------------------------
     0 | D:1      | Chimkentus the Felid Air Elementalist began the quest for
                  | the Orb.
     0 | D:1      | Reached XP level 1. HP: 7/7 MP: 4/4
    47 | D:1      | Reached skill level 1 in Conjurations
   164 | D:1      | You fall into a shaft and drop 1 floor!
   708 | D:1      | Reached XP level 2. HP: 11/11 MP: 6/6
   719 | D:1      | Learned a level 2 spell: Static Discharge
   780 | D:1      | Found a faded altar of an unknown god.
  1602 | D:2      | Reached skill level 3 in Stealth
  1628 | D:2      | Slain by a worm

Illustrated notes

Levels and vault maps discovered:
D:1:      lightli_arrival_statue_moat, layout_basic,
          hellmonk_ecumenical_altar_lost_god
D:2:      layout_rooms

Skill      XL: |  1  2 |
---------------+-------+-----
Conjurations   | 1 |  1.3
Stealth        | 3 |  3.0
Fighting       | |  0.5
Dodging        | |  2.8
Spellcasting   | |  2.2
Air Magic      | |  2.9

Action                   || total
-------------------------++-------
Melee: Unarmed           ||     6
 Cast: Shock             ||    43
       Static Discharge  ||     1
 Stab: Sleeping          ||     4
Dodge: Dodged            ||    13
